 Dungeon Crawl Stone Soup version 0.26-a0-665-gefeb406119 (webtiles) character file.

Game seed: 18442894560308722867

6755 jasper the Martial Artist (level 10, -2/76 HPs)
             Began as a Demonspawn Venom Mage on Oct 15, 2020.
             Was a Believer of Cheibriados.
             Slain by a troll (12 damage)
             ... on level 10 of the Dungeon.
             The game lasted 00:20:28 (14373 turns).

jasper the Martial Artist (Demonspawn Venom Mage)  Turns: 14373, Time: 00:20:29

Health: -2/76      AC:  5    Str: 20    XL:     10   Next: 75%
Magic:  0/16       EV: 16    Int: 24    God:    Cheibriados [**....]
Gold:   426        SH:  0    Dex: 19    Spells: 1/17 levels left

rFire    . . .     SeeInvis .     - Unarmed
rCold    . . .     Faith    .   (no shield)
rNeg     . . .     Spirit   +   a - +0 robe
rPois    .         Reflect  .   (no helmet)
rElec    .         Harm     .   w - +0 cloak
rCorr    .         Rampage  .   (no gloves)
MR       .....                  (no boots)
Stlth    ++........             (no amulet)
HPRegen  0.22/turn              E - +4 ring of evasion
MPRegen  0.15/turn              K - +6 ring of strength

@: very slow
A: talons 2, yellow scales 1, spiny 2, magic shield
a: Bend Time, Renounce Religion


You were on level 10 of the Dungeon.
You worshipped Cheibriados.
Cheibriados was pleased with you.
You visited 2 branches of the dungeon, and saw 11 of its levels.

You collected 580 gold pieces.
You spent 154 gold pieces at shops.

Inventory:

Missiles
 d - 46 poisoned darts (quivered)
Armour
 a - a +0 robe (worn)
 k - a +0 kite shield
 v - a scarf of shadows
 w - a +0 cloak (worn)
Jewellery
 E - a +4 ring of evasion (left hand)
 K - a +6 ring of strength (right hand)
Wands
 g - a wand of polymorph (6)
 B - a wand of disintegration (2)
 D - a wand of digging (3)
 G - a wand of iceblast (12)
 J - a wand of acid (3)
Scrolls
 b - 2 scrolls of fear
 e - 4 scrolls of teleportation
 l - 4 scrolls of fog
 m - 3 scrolls of remove curse
 o - a scroll of enchant armour
 r - a scroll of amnesia
 y - a scroll of enchant weapon
 z - 3 scrolls of random uselessness {unknown}
 A - a scroll of magic mapping {unknown}
 F - a scroll of blinking {unknown}
Potions
 c - 4 potions of heal wounds
 f - 2 potions of haste
 i - 3 potions of brilliance
 j - 3 potions of degeneration
 n - 4 potions of lignification
 p - 4 potions of might
 q - 2 potions of invisibility
 s - 2 potions of curing
 t - a potion of magic
 u - 2 potions of flight
 x - a potion of cancellation
 C - a potion of stabbing


   Skills:
 + Level 5.9 Fighting
 - Level 1.7 Dodging
 - Level 1.7 Stealth
 + Level 5.3 Shields
 * Level 8.0 Unarmed Combat
 + Level 4.2 Spellcasting
 - Level 4.0 Conjurations
 - Level 4.0 Transmutations
 - Level 3.0 Fire Magic
 - Level 4.0 Air Magic
 - Level 5.0 Poison Magic
 + Level 5.2 Invocations


You had one spell level left.
You knew the following spells:

 Your Spells              Type           Power        Failure   Level
a - Sting                 Tmut/Pois      ####         1%          1
b - Poisonous Vapours     Pois/Air       ####..       2%          2
c - Mephitic Cloud        Conj/Pois/Air  ####....     4%          3
d - Ignite Poison         Fire/Tmut/Pois ###.....     5%          3
e - Animate Skeleton      Necr           #.....       10%         1
f - Apportation           Tloc           #.....       10%         1
g - Passwall              Tmut/Erth      ##......     6%          2
h - Tukima's Dance        Hex            #.......     28%         3

Your spell library contained the following spells:

 Spells                   Type           Power        Failure   Level
 Foxfire                  Conj/Fire      ###.         2%          1
 Corona                   Hex            #......      10%         1
 Sandblast                Erth           #.....       10%         1
 Summon Small Mammal      Summ           #...         10%         1
 Conjure Flame            Conj/Fire      ###.....     7%          3
 Olgreb's Toxic Radiance  Pois           ####....     12%         4
 Dazzling Flash           Conj/Hex       ##....       13%         3
 Stone Arrow              Conj/Erth      ##....       13%         3
 Ensorcelled Hibernation  Hex/Ice        #.....       14%         2
 Inner Flame              Hex/Fire       ##......     16%         3
 Sticky Flame             Conj/Fire      ###.....     22%         4
 Confusing Touch          Hex            #.......     28%         3
 Gell's Gravitas          Tloc           #.........   28%         3
 Petrify                  Tmut/Erth      ##......     38%         4
 Fireball                 Conj/Fire      ###.......   54%         5
 Yara's Violent Unravell  Hex/Tmut       ##........   75%         5
 Lee's Rapid Deconstruct  Erth           #.........   95%         5
 Metabolic Englaciation   Hex/Ice        #.........   95%         5


Dungeon Overview and Level Annotations

Branches:
Dungeon (10/15)            Temple (1/1) D:6
   Lair: D:8-11         Orc: D:9-12

Altars:
Ashenzari
Cheibriados
Dithmenos
Elyvilon
Fedhas
Gozag
Hepliaklqana
Kikubaaqudgha
Makhleb
Nemelex Xobeh
Okawaru
Qazlal
Ru
Sif Muna
Trog
Uskayaw
Vehumet
Wu Jian
Xom
Yredelemnul
Zin
The Shining One

Shops:
D:4 !

Annotations:
D:3 2 runed translucent doors, BruhMomento's ghost, amateur DsBe


Innate Abilities, Weirdness & Mutations

You have razor-sharp toenails.
You are partially covered in yellow scales. (AC +2)
You are mostly covered in sharp spines.
When hurt, damage is shared between your health and your magic reserves.


Message History

Casting: Poisonous Vapours (safe; 2% risk of failure)
Confirm with . or Enter, or press ? or * to list all spells.
Aiming: Poisonous Vapours (safe; 2% risk of failure)
Press: ? - help, Dir - move target cursor, f/p - troll
Aim: a troll (moderately wounded, poisoned) Poisonous vapours surround the troll!
The wyvern zombie bites you.
The troll is engulfed in poison gas.
The troll looks even sicker.
The troll bites you but does no damage. The troll claws you!
The troll barely misses you.
The wyvern zombie is struck by your spines.
The wyvern zombie bites you!
You take 24 damage, and have 26/76 hp.
MASSIVE DAMAGE!!
You now have 2/16 mp.
Casting: Poisonous Vapours (safe; 2% risk of failure)
Confirm with . or Enter, or press ? or * to list all spells.
You don't have enough magic to cast that spell.
Unknown command.
The troll bites you!
* * * LOW HITPOINT WARNING * * *
The troll misses you. The troll claws you!
You die...

... ..## ... .... #.. ...#
#.# #oo# #.# #.o# #.# #..#
#.# #.)# #.####..#####
..#####.@T).........
.........Z).........
....................
#..#####..#####..... #..#
#..# ..... #..# #..# ....
#..# #..#####.....
#########..# #........
..#........#####...........


You could see a troll (very poisoned) and a wyvern zombie.

Vanquished Creatures
  A two-headed ogre (D:8)
  2 centaur zombies
  Psyche (D:8)
  Maggie (D:9)
  A hornet (D:7)
  Sigmund (D:5)
  A steam dragon (D:7)
  2 insubstantial wisps (D:7)
  5 orc warriors
  4 ice beasts
  2 black bears (D:8)
  4 sky beasts
  5 ogres
  A phantom (D:6)
  2 centaurs (D:5)
  3 bullfrogs
  A water moccasin zombie (D:9)
  6 killer bees (D:8)
  4 wights (D:6)
  3 howler monkeys (D:7)
  2 electric eels (D:7)
  3 jellies
  5 hounds
  7 orc priests
  9 orc wizards
  3 bullfrog skeletons (D:5)
  2 iguanas
  7 worker ants
  2 hound skeletons
  A worker ant zombie (D:5)
  12 adders
  2 shadow imps
  2 white imps
  An ooze (D:1)
  2 adder zombies
  4 worms
  3 dart slugs
  4 leopard geckos
  34 orcs
  4 giant cockroaches
  5 goblins
  7 hobgoblins
  6 jackals
  5 quokkas
  A ball python (D:4)
  A ball python skeleton (D:4)
  3 bats
  7 frilled lizards
  A jackal skeleton (D:6)
  7 kobolds
  A leopard gecko skeleton (D:6)
  2 quokka zombies
  7 rats
212 creatures vanquished.

Vanquished Creatures (others)
  An orc (D:7)
  23 plants (D:7)
24 creatures vanquished.

Grand Total: 236 creatures vanquished

Notes
Turn   | Place    | Note
-------+----------+-------------------------------------------
     0 | D:1      | jasper the Demonspawn Venom Mage began the quest for the
                  | Orb.
     0 | D:1      | Reached XP level 1. HP: 13/13 MP: 3/3
   596 | D:1      | Gained mutation: You are partially covered in sharp spines.
                  | [demonic ancestry]
   596 | D:1      | Reached XP level 2. HP: 7/19 MP: 0/5
   652 | D:1      | Learned a level 2 spell: Poisonous Vapours
  1414 | D:2      | Reached XP level 3. HP: 24/24 MP: 1/6
  1907 | D:2      | Reached skill level 5 in Poison Magic
  1907 | D:2      | Reached skill level 1 in Transmutations
  1907 | D:2      | Gained mutation: When hurt, damage is shared between your
                  | health and your magic reserves. [demonic ancestry]
  1907 | D:2      | Reached XP level 4. HP: 30/30 MP: 0/7
  1912 | D:2      | Learned a level 3 spell: Mephitic Cloud
  2631 | D:2      | Reached skill level 1 in Conjurations
  2631 | D:2      | Reached skill level 1 in Air Magic
  2741 | D:3      | Found a sparkling altar of Nemelex Xobeh.
  2879 | D:3      | Reached XP level 5. HP: 13/35 MP: 1/8
  3258 | D:3      | Found a runed translucent door.
  3262 | D:3      | Noticed BruhMomento's ghost (amateur DsBe)
  3278 | D:3      | Found a glowing golden altar of the Shining One.
  3298 | D:3      | Found a hide-covered altar of Uskayaw.
  3345 | D:3      | Found a runed translucent door.
  3436 | D:3      | Found a broken altar of Ashenzari.
  4350 | D:4      | Found Nathu's Distillery.
  4354 | D:4      | Bought a potion of curing for 33 gold pieces
  4354 | D:4      | Bought a potion of magic for 88 gold pieces
  4354 | D:4      | Bought a potion of flight for 33 gold pieces
  4457 | D:4      | Gained mutation: You are partially covered in yellow
                  | scales. (AC +2) [demonic ancestry]
  4457 | D:4      | Reached XP level 6. HP: 36/41 MP: 3/9
  4462 | D:4      | Learned a level 3 spell: Ignite Poison
  4578 | D:4      | Noticed an orc warrior
  4600 | D:4      | Killed an orc warrior
  4901 | D:4      | Reached XP level 7. HP: 20/46 MP: 1/10
  5348 | D:5      | Entered Level 5 of the Dungeon
  5510 | D:5      | Reached skill level 1 in Unarmed Combat
  5677 | D:5      | Reached skill level 1 in Fighting
  5893 | D:5      | Reached skill level 1 in Shields
  5893 | D:5      | Reached skill level 1 in Fire Magic
  6035 | D:5      | Reached skill level 2 in Unarmed Combat
  6829 | D:5      | Gained mutation: You have sharp toenails. [demonic
                  | ancestry]
  6829 | D:5      | Reached XP level 8. HP: 24/56 MP: 2/11
  7026 | D:5      | Noticed Sigmund
  7058 | D:5      | Killed Sigmund
  7058 | D:5      | Reached skill level 3 in Unarmed Combat
  7830 | D:6      | Learned a level 1 spell: Animate Skeleton
  7832 | D:6      | Learned a level 1 spell: Apportation
  7916 | D:6      | Found a burning altar of Makhleb.
  7975 | D:6      | Found a staircase to the Ecumenical Temple.
  7984 | Temple   | Entered the Ecumenical Temple
  8429 | D:6      | Reached skill level 4 in Unarmed Combat
  8811 | D:6      | Found an ornate altar of the Wu Jian Council.
  9441 | D:7      | Noticed a hornet
  9445 | D:7      | Killed a hornet
  9620 | D:7      | Gained mutation: You have razor-sharp toenails. [demonic
                  | ancestry]
  9620 | D:7      | Reached XP level 9. HP: 61/64 MP: 4/12
 10105 | D:7      | Reached skill level 5 in Unarmed Combat
 10232 | D:7      | Found a snail-covered altar of Cheibriados.
 10248 | D:7      | Became a worshipper of Cheibriados the Contemplative
 10586 | D:7      | Reached skill level 1 in Invocations
 10747 | D:7      | Reached skill level 6 in Unarmed Combat
 11696 | D:8      | Noticed Psyche
 11699 | D:8      | Killed Psyche
 11755 | D:8      | Reached * piety under Cheibriados
 11758 | D:8      | Gained mutation: You are mostly covered in sharp spines.
                  | [demonic ancestry]
 11758 | D:8      | Reached XP level 10. HP: 73/73 MP: 0/14
 11762 | D:8      | Learned a level 2 spell: Passwall
 12140 | D:8      | Noticed a two-headed ogre
 12150 | D:8      | Killed a two-headed ogre
 12150 | D:8      | Reached skill level 5 in Fighting
 12150 | D:8      | Reached skill level 7 in Unarmed Combat
 12368 | D:8      | Learned a level 3 spell: Tukima's Dance
 13032 | D:9      | Noticed Maggie
 13082 | D:9      | Killed Maggie
 13082 | D:9      | Reached skill level 5 in Shields
 14051 | D:10     | Entered Level 10 of the Dungeon
 14109 | D:10     | Reached ** piety under Cheibriados
 14109 | D:10     | Reached skill level 5 in Invocations
 14211 | D:10     | Reached skill level 8 in Unarmed Combat
 14373 | D:10     | Slain by a troll

Illustrated notes

Levels and vault maps discovered:
D:1:      dpeg_arrival_tiny_a, layout_basic
D:2:      layout_basic
D:3:      layout_basic, grunt_temple_overflow_open, ashenzari_altar_1,
          ebering_ghost_sewer_f, grunt_decor_cap
D:4:      layout_basic, serial_shops, shop_statue
D:5:      layout_basic, uniq_sigmund
D:6:      layout_layer_cave, overflow_temple_1_default,
          minmay_temple_entry_mist, bloody_makhleb
D:7:      lemuel_ice_spiral_2, layout_basic, slow_altar_1, serial_bayou,
          serial_bayou_pond_e, serial_bayou_pond_c, serial_bayou_lagoon_a,
          serial_bayou_ford_a, serial_bayou_shore_b, hangedman_misty_isle
D:8:      layout_basic, serial_corexii_hall, chequers_hall_statues_y,
          corexii_hall_statues_l, chequers_hall_statues_wall_a,
          kennysheep_small_square, uniq_psyche
D:9:      layout_long_grid, uniq_maggie
D:10:     layout_small_grid, eino_tiny_chamber
Temple:   regret_index_temple_sphere_string

Skill      XL: |  1  2  3  4  5  6  7  8  9 10 |
---------------+-------------------------------+-----
Poison Magic   | 4 5 |  5.0
Transmutations | 1 2 3 4 |  4.0
Conjurations   | 1 3 4 |  4.0
Air Magic      | 1 2 3 4 |  4.0
Unarmed Combat | 2 4 6 8 |  8.0
Fighting       | 1 3 4 5 |  5.9
Shields        | 1 3 4 5 |  5.3
Fire Magic     | 1 3 |  3.0
Invocations    | 3 5 |  5.2
Spellcasting   | 3 4 |  4.2
Dodging        | |  1.7
Stealth        | |  1.7

Action                   |  1- 3 |  4- 6 |  7- 9 | 10-12 || total
-------------------------+-------+-------+-------+-------++-------
Melee: Unarmed           |    19 |    39 |   230 |    79 ||   367
       Kick              |       |       |    29 |    25 ||    54
       Punch             |       |       |     6 |     1 ||     7
Throw: Dart              |    38 |    42 |       |       ||    80
       Throwing net      |     1 |       |       |     1 ||     2
 Cast: Sting             |    10 |     6 |    11 |     1 ||    28
       Poisonous Vapours |    29 |    48 |    71 |    22 ||   170
       Ignite Poison     |       |       |    16 |    16 ||    32
       Mephitic Cloud    |       |       |    11 |     9 ||    20
       Animate Skeleton  |       |       |       |     2 ||     2
Evoke: Wand              |       |       |    15 |       ||    15
  Use: Potion            |       |     2 |     1 |       ||     3
       Scroll            |       |       |       |    20 ||    20
 Stab: Sleeping          |     1 |       |     3 |     2 ||     6
       Confused          |       |       |     2 |     1 ||     3
       Distracted        |       |       |       |     1 ||     1
Armor: Robe              |     7 |     4 |    41 |    19 ||    71
Dodge: Dodged            |    26 |    43 |   115 |    48 ||   232

Table legend: (Time is in decaauts)
 A = Elapsed time spent in this place.
 B = Non-inter-level travel time spent in this place.
 C = Inter-level travel time spent in this place.
 D = Time resting spent in this place.
 E = Time spent auto-exploring this place.
 F = Levels seen in this place.
 G = Mean time per level.
                   A        B        C        D        E       F      G
               +--------+--------+--------+--------+--------+-----+--------+
         Total |  15147 |  14806 |    341 |   1051 |  12039 |  11 | 1377.0 |
       Dungeon |  14988 |  14654 |    334 |   1051 |  11889 |  10 | 1498.8 |
        Temple |    158 |    151 |      7 |      0 |    150 |   1 |  158.0 |
               +--------+--------+--------+--------+--------+-----+--------+

Top non-repeatable levels by time:
     D:7: 2323 daAuts
     D:5: 2210 daAuts
     D:3: 1625 daAuts
     D:9: 1598 daAuts
     D:2: 1579 daAuts
     D:6: 1564 daAuts
     D:8: 1437 daAuts
     D:4: 1184 daAuts
     D:1: 1092 daAuts
    D:10: 372 daAuts
  Temple: 158 daAuts
